 Dungeon Crawl Stone Soup version 0.27.0 (webtiles) character file.

Game seed: 3937459654376192385

1682 mimimomo the Cleaver (level 9, -7/71 HPs)
             Began as a Hill Orc Fighter on July 31, 2021.
             Was a Follower of Hepliaklqana.
             Killed by divine providence
             ... invoked by an orc priest
              (11 damage)
             ... on level 6 of the Dungeon.
             The game lasted 00:15:44 (5674 turns).

mimimomo the Cleaver (Hill Orc Fighter)             Turns: 5674, Time: 00:15:45

Health: -7/71      AC: 16    Str: 22    XL:     9   Next: 2%
Magic:  9/9        EV:  3    Int: 19    God:    Hepliaklqana [*.....]
Gold:   265        SH: 16    Dex: 14    Spells: 8/8 levels left

rFire    . . .     SeeInvis +   a - +0 war axe (chaos)
rCold    . . .     Faith    .   n - +0 tower shield
rNeg     . . .     Spirit   .   j - +0 plate armour
rPois    +         Reflect  .   (no helmet)
rElec    .         Harm     .   f - +0 cloak
rCorr    .         Rampage  .   (no gloves)
Will     +....     NoTele   +   t - +1 pair of boots of the Beginning {-Tele rPois Will+ Int+5}
Stlth    ..........             q - amulet of the acrobat
HPRegen  0.21/turn              r - ring of see invisible
MPRegen  0.11/turn              w - +6 ring of intelligence

@: no status effects
A: reduced essence, thin skeletal structure 1, agile 1
a: Renounce Religion, Convert to Beogh, Recall Ancestor, Ancestor Identity


You were on level 6 of the Dungeon.
You worshipped Hepliaklqana.
Hepliaklqana was aware of your devotion.
You visited 1 branch of the dungeon, and saw 6 of its levels.

You collected 265 gold pieces.

Inventory:

Hand Weapons
 a - a +0 war axe of chaos (weapon)
 g - a +0 whip
Missiles
 v - a throwing net (quivered)
Armour
 b - a +0 scale mail
 c - a +0 kite shield
 f - a +0 cloak (worn)
 i - the +1 ring mail "Qighasor" {Dex+6 Stlth-}
   (You found it on level 4 of the Dungeon)

   Dex:       It affects your dexterity (+6).
   Stlth:     It makes you less stealthy.
 j - a +0 plate armour (worn)
 m - a +0 pair of boots
 n - a +0 tower shield (worn)
 o - a +0 pair of boots
 t - the +1 pair of boots of the Beginning (worn) {-Tele rPois Will+ Int+5}
   (You found it on level 5 of the Dungeon)

   Int:       It affects your intelligence (+5).
   rPois:     It protects you from poison.
   -Tele:     It prevents most forms of teleportation.
   Will:      It increases your willpower.
Jewellery
 q - an amulet of the acrobat (around neck)
 r - a ring of see invisible (left hand)
 w - a +6 ring of intelligence (right hand)
 x - a ring of wizardry
Wands
 k - a wand of mindburst (9)
Scrolls
 e - 5 scrolls of identify
Potions
 d - a potion of degeneration
 h - a potion of brilliance
 u - a potion of mutation


   Skills:
 * Level 7.2 Fighting
 + Level 8.6 Axes
 + Level 6.5 Armour
 + Level 0.1 Dodging
 + Level 1.0 Stealth
 + Level 6.7 Shields


You had 8 spell levels left.
You didn't know any spells.
Your spell library contained the following spells:

 Spells                   Type           Power      Damage    Failure   Level
 Sublimation of Blood     Necr           0%         N/A       100%        2
 Wereblood                Tmut           0%         N/A       100%        2
 Gell's Gravitas          Tloc           0%         N/A       100%        3
 Teleport Other           Tloc           0%         N/A       100%        3
 Dispersal                Tloc           0%         N/A       100%        6
 Summon Hydra             Summ           0%         N/A       100%        7


Dungeon Overview and Level Annotations

Branches:
Dungeon (6/15)
 Temple: D:4-7

Altars:
Ashenzari
Hepliaklqana
Nemelex Xobeh
The Shining One

Shops:
D:5 (

Annotations:
D:5 Eustachio


Innate Abilities, Weirdness & Mutations

Your life essence is reduced to manifest your ancestor. (-10% HP)
You have a somewhat thin skeletal structure. (Dex +2, Stealth+)
You are agile. (Dex +2)


Message History

The orc warrior is heavily wounded.
The orc warrior hits you with a +0 battleaxe!
You miss the orc warrior.
The orc warrior is heavily wounded.
The orc priest calls upon Beogh to heal the orc warrior.
You block the orc warrior's attack. x2
You hear a shout!
You slash the orc warrior! You freeze the orc warrior.
The orc warrior is almost dead.
The orc warrior hits you with a +0 battleaxe.
You closely miss the orc warrior.
The orc warrior is almost dead.
The orc warrior completely misses you.
You hit the orc warrior.
The orc warrior seems to grow stronger.
The orc warrior is almost dead.
The orc warrior hits you with a +0 battleaxe!
* * * LOW HITPOINT WARNING * * *
The orc warrior hits you with a +0 battleaxe!
* * * LOW HITPOINT WARNING * * *
You slash the orc warrior! You burn the orc warrior.
You kill the orc warrior!
The orc wizard hits you but does no damage.
You have reached level 9!
Your experience leads to an increase in your attributes!
Your base attributes are Str 21, Int 8, Dex 10.
Increase (S)trength, (I)ntelligence, or (D)exterity?
You feel stronger.
You feel better. You block the orc wizard's attack.
You slash the orc wizard!
You kill the orc wizard!
The orc priest mumbles some strange prayers to Beogh against you.
Beogh smites you!
* * * LOW HITPOINT WARNING * * *
Your shield and plate armour prevent you from hitting the orc.
The orc hits you but does no damage.
You closely miss the orc. The orc hits you but does no damage.
You block the orc's attack.
The orc priest invokes the aid of Beogh against you.
Beogh smites you!
You die...

#.# ### #.# #.# #.# #.#
#.#####.. #.###.#
#........ #.#.#.#
#........
#.#.#.####.#######
#.#...............
#@#...# #........ #
#o#...####.##....#
#...##o#...# .. +....+
#.......<..####.##....#
..............o.........
..............#.......h#
...................o..5.
##.#..#.#.........##.###
........#......... #.###


You could see an orc priest and an orc.

Vanquished Creatures
  Prince Ribbit (D:5)
  Sigmund (D:5)
  A water moccasin (D:5)
  Duvessa (D:6)
  An orc warrior (D:6)
  An ice beast (D:5)
  A centaur (D:5)
  2 ogres
  A bullfrog (D:6)
  A water moccasin skeleton (D:5)
  Dowan (D:6)
  A centaur zombie (D:3)
  A hound (D:5)
  2 centaur skeletons (D:5)
  Terence (D:3)
  Natasha (thrice) (D:3)
  An iguana (D:4)
  4 orc wizards
  6 adders
  A river rat (D:3)
  An ufetubus (D:4)
  3 worms
  A dart slug (D:3)
  9 orcs
  7 endoplasms
  9 giant cockroaches
  2 goblins
  4 hobgoblins
  9 jackals
  A quokka (D:4)
  3 training dummies (D:5)
  3 ball pythons
  2 bats (D:3)
  7 frilled lizards
  8 kobolds
  6 rats
107 creatures vanquished.

Vanquished Creatures (collateral kills)
  An iguana (D:5)
  An orc (D:5)
2 creatures vanquished.

Vanquished Creatures (others)
  2 ancestors
2 creatures vanquished.

Grand Total: 111 creatures vanquished

Notes
Turn   | Place    | Note
-------+----------+-------------------------------------------
     0 | D:1      | mimimomo the Hill Orc Fighter began the quest for the Orb.
     0 | D:1      | Reached XP level 1. HP: 19/19 MP: 1/1
   423 | D:1      | Reached XP level 2. HP: 27/27 MP: 2/2
   573 | D:1      | Reached skill level 3 in Axes
  1129 | D:2      | Reached XP level 3. HP: 33/33 MP: 3/3
  2217 | D:3      | Noticed Terence
  2226 | D:3      | Killed Terence
  2227 | D:3      | Reached skill level 4 in Axes
  2227 | D:3      | Reached XP level 4. HP: 21/40 MP: 4/4
  2449 | D:3      | Found a sparkling altar of Nemelex Xobeh.
  2523 | D:3      | Reached XP level 5. HP: 45/47 MP: 5/5
  2567 | D:3      | Noticed Natasha
  2577 | D:3      | Killed Natasha
  2578 | D:3      | Reached skill level 5 in Axes
  2639 | D:3      | Found a hazy altar of Hepliaklqana.
  2640 | D:3      | Found a faded altar of an unknown god.
  2649 | D:3      | Became a worshipper of Hepliaklqana the Forgotten
  2898 | D:3      | Noticed Natasha
  2907 | D:3      | Killed Natasha
  2908 | D:3      | Reached XP level 6. HP: 46/55 MP: 6/6
  3035 | D:3      | Noticed Natasha
  3042 | D:3      | Killed Natasha
  3043 | D:3      | Reached skill level 5 in Fighting
  3380 | D:4      | Identified the +1 ring mail "Qighasor" {Dex+6 Stlth-}
  4320 | D:5      | Entered Level 5 of the Dungeon
  4336 | D:5      | Found a broken altar of Ashenzari.
  4435 | D:5      | Identified the +1 pair of boots of the Beginning {-Tele
                  | rPois Will+ Int+5}
  4453 | D:5      | Reached skill level 6 in Axes
  4468 | D:5      | Found a glowing golden altar of the Shining One.
  4470 | D:5      | Noticed Prince Ribbit
  4470 | D:5      | Noticed a water moccasin
  4493 | D:5      | Killed a water moccasin
  4494 | D:5      | Reached XP level 7. HP: 47/61 MP: 7/7
  4596 | D:6      | Reached skill level 5 in Armour
  4596 | D:6      | Reached skill level 5 in Shields
  4614 | D:6      | Reached * piety under Hepliaklqana
  4674 | D:6      | Noticed Duvessa
  4679 | D:6      | Noticed Dowan
  4685 | D:6      | Killed Dowan
  4690 | D:6      | Killed Duvessa
  5066 | D:5      | Reached skill level 7 in Axes
  5097 | D:5      | Gained mutation: You are agile. (Dex +2) [potion of
                  | mutation]
  5097 | D:5      | Gained mutation: You have a somewhat thin skeletal
                  | structure. (Dex +2, Stealth+) [potion of mutation]
  5105 | D:5      | Killed Prince Ribbit
  5106 | D:5      | Reached XP level 8. HP: 47/63 MP: 8/8
  5250 | D:5      | Found Kagaevolo's Firing Range.
  5432 | D:5      | Reached skill level 8 in Axes
  5630 | D:5      | Noticed Sigmund
  5640 | D:5      | Noticed Eustachio
  5642 | D:5      | Killed Sigmund
  5643 | D:5      | Reached skill level 1 in Stealth
  5671 | D:6      | Reached XP level 9. HP: 4/71 MP: 9/9
  5674 | D:6      | Killed from afar by an orc priest

Illustrated notes

Levels and vault maps discovered:
D:1:      dpeg_arrival_radiant, layout_basic, minmay_door_square
D:2:      layout_basic
D:3:      layout_rooms, beargit_hepliaklqana_dungeon_heroes,
          nemelex_xobeh_ov_fountains_minmay, gup_sewer_entry_spiral,
          uniq_natasha, uniq_terence
D:4:      layout_loops_ring, kennysheep_pointless_box
D:5:      layout_loops_ring, cheibrodos_ashenzari_chains, amcnicky_altar_gilded,
          nicolae_shop_firing_range, uniq_sigmund, uniq_eustachio,
          uniq_crazy_yiuf_cottage, uniq_prince_ribbit1
D:6:      layout_basic, minmay_microvault, uniq_grinder, uniq_duvessa,
          uniq_maggie

Skill      XL: |  1  2  3  4  5  6  7  8 |
---------------+-------------------------+-----
Axes           | 3 4 5 6 7 8 |  8.6
Fighting       | 4 5 6 7 |  7.2
Armour         | 4 5 6 |  6.5
Shields        | 4 5 6 |  6.7
Stealth        | 1 |  1.0
Dodging        | |  0.1

Action                   |  1- 3 |  4- 6 |  7- 9 || total
-------------------------+-------+-------+-------++-------
Melee: War axe           |   120 |   179 |    91 ||   390
  Use: Scroll            |     6 |     1 |     1 ||     8
       Potion            |     1 |     1 |     7 ||     9
 Stab: Distracted        |       |       |     1 ||     1
       Confused          |       |       |     1 ||     1
Armor: Scale mail        |    19 |       |       ||    19
       Plate armour      |    46 |   109 |    54 ||   209
Dodge: Dodged            |    23 |    27 |    14 ||    64
Block: Kite shield       |    70 |    62 |       ||   132
       Tower shield      |       |    55 |    93 ||   148
